 Dungeon Crawl Stone Soup version 0.24.1 (webtiles) character file.

Game seed: 5119088354519125577, levelgen mode: deterministic

650 MajorAdolf the Poker (level 7, 62/62 HPs)
             Began as a Naga Wanderer on Mar 28, 2020.
             Quit the game on level 6 of the Dungeon.
             The game lasted 00:09:55 (19455 turns).

MajorAdolf the Poker (Naga Wanderer)               Turns: 19455, Time: 00:09:55

Health: 62/62      AC:  7    Str: 14    XL:     7   Next: 53%
Magic:  7/7        EV:  1    Int: 13    God:
Gold:   360        SH:  0    Dex: -7 (12) Spells: 6/6 levels left

rFire    . . .     SeeInvis +   k - +1 spear
rCold    . . .     Gourm    .   (no shield)
rNeg     . . .     Faith    .   l - +0 ring mail
rPois    +         Spirit   .   j - +1 helmet
rElec    .         Reflect  .   (no cloak)
rCorr    .         Harm     .   (no gloves)
MR       .....                  (no barding)
Stlth    ..........             (no amulet)
HPRegen  0.20/turn              (no ring)
MPRegen  0.10/turn              (no ring)

@: starving, slowed, lost dexterity, very slow
A: large, see invisible, deformed body, poison resistance, slowness 2, slow
metabolism 1, spit poison 1, AC +2
a: Spit Poison


You were on level 6 of the Dungeon.
You were starving.

You visited 1 branch of the dungeon, and saw 6 of its levels.

You collected 360 gold pieces.

Inventory:

Hand Weapons
 a - a +0 dagger
 k - a +1 spear (weapon)
Missiles
 x - 3 curare-tipped darts (quivered)
Armour
 d - a +0 robe
 j - a +1 helmet (worn)
 l - a +0 ring mail (worn)
 n - a cursed +0 leather armour
Wands
 e - a wand of paralysis (15)
 p - a wand of random effects (16)
 y - a wand of iceblast (10)
Scrolls
 h - 3 scrolls of amnesia
 r - 5 scrolls of teleportation
 s - 2 scrolls of identify
Potions
 b - a potion of curing
 c - a potion of magic
 g - 2 potions of cancellation {unknown}
 i - a potion of resistance {unknown}
 m - a potion of heal wounds {unknown}
 o - a potion of lignification {unknown}
 q - a potion of mutation {unknown}
 t - a potion of agility {unknown}
 v - a potion of degeneration {unknown}
 w - a potion of brilliance {unknown}


   Skills:
 + Level 3.6 Fighting
 - Level 2.0 Short Blades
 + Level 5.5 Polearms
 + Level 2.0 Armour
 + Level 2.6 Dodging
 - Level 2.6 Stealth
   Level 2.0 Fire Magic
   Level 1.0 Air Magic
 - Level 1.0 Evocations


You had 6 spell levels left.
You didn't know any spells.
Your spell library contained the following spells:

 Spells                   Type           Power        Failure   Level  Hunger
 Shock                    Conj/Air       #...         45%         1    ##.....
 Mephitic Cloud           Conj/Pois/Air  #.......     85%         3    ####...


Dungeon Overview and Level Annotations

Branches:
Dungeon (6/15)
 Temple: D:4-7

Altars:
Cheibriados
Kikubaaqudgha
Makhleb
Nemelex Xobeh
Okawaru
Sif Muna
Trog
Uskayaw
Vehumet
Xom
Yredelemnul
The Shining One

Annotations:
D:5 1 runed translucent door, soepske's ghost, novice FoFi
D:6 exclusion: black bear


Innate Abilities, Weirdness & Mutations

You cannot wear boots.
Your serpentine skin is tough. (AC +2)
You have supernaturally acute eyesight. (SInv)
Armour fits poorly on your strangely shaped body.
Your system is resistant to poisons. (rPois)
You cover ground very slowly.
You have a slow metabolism.
You can spit poison.


Message History

You're too hungry to rest.
You're too hungry to rest.
You're too hungry to rest.
You're too hungry to rest.
You're too hungry to rest.
You're too hungry to rest.
You're too hungry to rest.
You're too hungry to rest.
You're too hungry to rest.
You're too hungry to rest.
You're too hungry to rest.
You're too hungry to rest.
You're too hungry to rest.
You're too hungry to rest.
You're too hungry to rest.
You aren't carrying any food.
Okay, then.
Quiver which item? (- for none, * to show all) (? for menu, Esc to quit)
Okay, then.
Are you sure you want to abandon this character and quit the game? (Confirm with "yes".)

########.# #......#
#......#.# #.####.#
#.####.#.# #.# #.#
#.#..#.#.####.####.#
#...............##.#
######....###...#...
.........##########
##########.............
#>....@............####
#.########....###......
#.# #.......# #..###.
#.# #.##...## #...#
#.#####.###### #.#.#
#.##.........#. .....
#...................(..
####.........#.......#.
#.........# ...(..#.


There were no monsters in sight!

Vanquished Creatures
  An ogre (D:5)
  A centaur (D:6)
  A scorpion (D:4)
  A howler monkey (D:5)
  A centaur zombie (D:5)
  2 crimson imps
  A quasit (D:6)
  A hound (D:6)
  An orc wizard (D:5)
  A worker ant (D:5)
  A hound zombie (D:5)
  A hound skeleton (D:5)
  4 gnolls (D:3)
  2 adders
  A shadow imp (D:5)
  An ooze (D:2)
  2 worms (D:2)
  3 dart slugs (D:2)
  4 leopard geckos
  8 orcs
  13 giant cockroaches
  3 goblins (D:2)
  5 hobgoblins
  6 kobolds
  5 quokkas
  A ball python (D:1)
  7 bats
  2 frilled lizards (D:2)
  2 leopard gecko skeletons
  4 rats
86 creatures vanquished.

Notes
Turn   | Place    | Note
-------+----------+-------------------------------------------
     0 | D:1      | MajorAdolf the Naga Wanderer began the quest for the Orb.
     0 | D:1      | MajorAdolf set off with the following items: a +0 dagger, a
                  | potion of curing, a +0 robe, a wand of paralysis (15), a
                  | ration; and the following spell memorised: Shock; and the
                  | following spells available to memorise: Mephitic Cloud
     0 | D:1      | Reached XP level 1. HP: 19/19 MP: 1/1
   608 | D:1      | Reached XP level 2. HP: 19/26 MP: 2/2
  1100 | D:2      | Reached XP level 3. HP: 33/33 MP: 3/3
  1231 | D:2      | Found a basalt altar of Yredelemnul.
  1881 | D:2      | Reached skill level 1 in Armour
  2189 | D:2      | Reached XP level 4. HP: 15/40 MP: 4/4
  2843 | D:3      | Reached skill level 1 in Polearms
  2929 | D:3      | Found an iron altar of Okawaru.
  2931 | D:3      | Found a bloodstained altar of Trog.
  2932 | D:3      | Found a shimmering altar of Xom.
  2932 | D:3      | Found a shimmering blue altar of Sif Muna.
  3155 | D:3      | Found a radiant altar of Vehumet.
  3157 | D:3      | Found a glowing golden altar of the Shining One.
  3235 | D:3      | Found a hide-covered altar of Uskayaw.
  3364 | D:3      | Reached skill level 2 in Polearms
  3364 | D:3      | Reached XP level 5. HP: 22/48 MP: 5/5
  4366 | D:4      | Reached skill level 3 in Polearms
  4593 | D:5      | Entered Level 5 of the Dungeon
  4680 | D:5      | Reached skill level 4 in Polearms
  4680 | D:5      | Reached XP level 6. HP: 33/55 MP: 6/6
  5100 | D:5      | Noticed an orc warrior
  5367 | D:5      | Reached skill level 5 in Polearms
  5425 | D:5      | Found a sparkling altar of Nemelex Xobeh.
  5425 | D:5      | Found a burning altar of Makhleb.
  5588 | D:5      | Found a runed translucent door.
  5593 | D:5      | Noticed soepske's ghost (novice FoFi)
  5681 | D:5      | Reached XP level 7. HP: 62/62 MP: 7/7
  6003 | D:6      | Found an ancient bone altar of Kikubaaqudgha.
  6269 | D:6      | Found a snail-covered altar of Cheibriados.
  6522 | D:6      | Lost dexterity.
 19455 | D:6      | Quit the game

Levels and vault maps discovered:
D:1:      dpeg_arrival_rooms_a, layout_rooms, minivault_14
D:2:      layout_loops_ring, marbit_many_paths, minmay_worlds_worst_comb
D:3:      layout_basic, grunt_temple_overflow_open
D:4:      layout_rooms
D:5:      layout_cave_pods, amethyst_overflow_temple_binary, first_ration,
          ebering_ghost_reflecting_pool
D:6:      layout_basic, lemuel_doored_altar, basic_altar,
          minmay_misc_feat_pillars

Skill      XL: |  1  2  3  4  5  6  7 |
---------------+----------------------+-----
Stealth        | 2 |  2.6
Armour         | 1 2 |  2.0
Dodging        | 2 |  2.6
Polearms       | 2 4 5 |  5.5
Fighting       | 3 |  3.6
Short Blades   | |  2.0
Fire Magic     | |  2.0
Air Magic      | |  1.0
Evocations     | |  1.0

Action                   |  1- 3 |  4- 6 |  7- 9 || total
-------------------------+-------+-------+-------++-------
Melee: Dagger            |   226 |    22 |       ||   248
       Spear             |     1 |   228 |   129 ||   358
 Abil: Spit Poison       |    14 |    10 |     1 ||    25
  Use: Scroll            |     3 |     3 |     2 ||     8
 Stab: Sleeping          |     3 |       |     1 ||     4
  Eat: Chunk             |     3 |     7 |     2 ||    12
       Ration            |       |     1 |    11 ||    12
Armor: Robe              |     5 |       |       ||     5
       Ring mail         |    90 |    92 |   145 ||   327
Dodge: Dodged            |   113 |   107 |    73 ||   293
